AoeStats
← Efthiron

Arabia

504030331Analyzed
1v1 RM · 1mo ago on Sep 3, 2026· 25m 25s· 2 players
Game mode
Random Map
Map size
Tiny (2 player)
Population
200
Speed
Normal
Resources
Standard
Victory
Conquest
Starting age
Dark Age
Ending age
Imperial Age
RankedLock teamsTeams togetherTeam positionsShared explorationLock speedFull tech treeHidden civsTurbo modeCheats
Victory
Defeat
🇲🇽 Mongols · Mexico
1230
+15
🇩🇪 Koreans · Germany
1217
-15
Trenbolone ツ
7:42 Loom
10:20 Feudal Age
21:20 Castle Age
20:31 Fletching
20:37 Horse Collar
21:18 Double-Bit Axe
23:06 Bodkin Arrow
23:47 Pikeman
24:52 Thumb Ring
Efthiron
6:19 Loom
8:53 Feudal Age
9:28 Double-Bit Axe
16:33 Wheelbarrow
20:43 Castle Age
19:17 Scale Barding Armor
19:43 Forging
20:30 Bloodlines
20:17 Gold Mining
20:35 Horse Collar
22:42 Bow Saw
23:18 Town Watch
Connection lost

Rejoining the realm…

Still unreachable

The connection could not be restored.

Session expired

The server has moved on; the page needs a fresh start.